 Dungeon Crawl Stone Soup version 0.31-a0-229-g1fc7ce93e2 (webtiles) character file.

Game seed: 1320181809281250719

8740 qw the Skirmisher (level 11, -2/99 HPs)
             Began as a Minotaur Hexslinger on July 6, 2023.
             Was an Initiate of Okawaru.
             Slain by a yak (11 damage)
             ... on level 1 of the Lair of Beasts.
             The game lasted 00:04:56 (10450 turns).

qw the Skirmisher (Minotaur Hexslinger)            Turns: 10450, Time: 00:04:57

Health: -2/99      AC: 15    Str: 13    XL:     11   Next: 13%
Magic:  11/11      EV: 22    Int: 12    God:    Okawaru [......]
Gold:   857        SH:  0    Dex: 26    Spells: 11/12 levels left

rFire   + . .        Y - +0 longbow
rCold   . . .        (shield currently unavailable)
rNeg    . . .        p - +2 ring mail {rF+}
rPois   .            (helmet restricted)
rElec   .            e - +3 cloak of Sif Muna's Inspiration {*Corrode Fly Will++ SInv}
rCorr   +            a - +2 pair of gloves
SInv    +            (no boots)
Will    +....        (no amulet)
Stlth   +            g - +5 ring of evasion
HPRegen 0.36/turn    k - ring "Plog" {Will- rCorr Int+2 Dex+9 Slay-5}
MPRegen 0.12/turn

%: corrode self (3%)
@: about to teleport, flying
A: horns 2, retaliatory headbutt
a: Renounce Religion


You were on level 1 of the Lair of Beasts.
You worshipped Okawaru.
Okawaru was noncommittal.
You visited 3 branches of the dungeon, and saw 12 of its levels.
You also visited: Sewer.

You collected 857 gold pieces.


Innate Abilities, Weirdness & Mutations

You have a pair of horns on your head.
You reflexively headbutt those who attack you in melee.


   Skills:
 + Level 9.9 Fighting
 - Level 14.0 Ranged Weapons
 - Level 4.0 Armour
 - Level 8.7 Dodging
 - Level 1.0 Spellcasting
 - Level 2.0 Hexes


You had 11 spell levels left.
You knew the following spells:

 Your Spells              Type           Power      Damage    Failure   Level
a - Slow                  Hex            20%        N/A       26%         1

Your spell library contained the following spells:

 Spells                   Type           Power      Damage    Failure   Level
 Inner Flame              Hex/Fire       3%         N/A       77%         3
 Portal Projectile        Hex/Tloc       6%         N/A       77%         3
 Cause Fear               Hex            2%         N/A       95%         4

Inventory:

Hand Weapons
 Y - a +0 longbow (weapon)
Armour
 a - a +2 pair of gloves (worn)
 e - the +3 cloak of Sif Muna's Inspiration (worn) {*Corrode Fly Will++ SInv}
   (You found it on level 3 of the Dungeon)

   SInv:      It lets you see invisible.
   Fly:       It grants you flight.
   *Corrode:  It may corrode you when you take damage.
   Will:      It greatly increases your willpower.
 j - a +2 robe of willpower
 o - a +0 leather armour of poison resistance
 p - a +2 ring mail of fire resistance (worn)
Jewellery
 g - a +5 ring of evasion (left hand)
 k - the ring "Plog" (right hand) {Will- rCorr Int+2 Dex+9 Slay-5}
   (You found it on level 2 of the Dungeon)

   [ring of resist corrosion]

   Int:       It affects your intelligence (+2).
   Dex:       It affects your dexterity (+9).
   Slay:      It affects your accuracy & damage with ranged weapons and melee
   (-5).
   rCorr:     It protects you from acid and corrosion.
   Will:      It decreases your willpower.
Scrolls
 b - a scroll of enchant armour
 f - 5 scrolls of identify
Potions
 c - 3 potions of curing
 d - a potion of cancellation
 h - 3 potions of enlightenment
 l - a potion of might {unknown}
 m - 5 potions of mutation
 n - 2 potions of haste

Dungeon Overview and Level Annotations

Branches:
Dungeon (10/15)            Temple (1/1) D:7            Lair (1/5) D:9
  Sewer (visited)
    Orc: D:9-12

Altars:
Ashenzari
Cheibriados
Dithmenos
Elyvilon
Fedhas
Gozag
Hepliaklqana
Kikubaaqudgha
Makhleb
Nemelex Xobeh
Okawaru
Qazlal
Ru
Sif Muna
Trog
Uskayaw
Vehumet
Wu Jian
Xom
Yredelemnul
Zin
The Shining One

Annotations:
D:3 1 runed translucent door, qw's ghost, amateur GrHs
D:4 1 runed translucent door, qw's ghost, amateur MiHs
D:6 Edmund


Message History

You kill the yak!
Okawaru accepts your kill. The yak misses you. You furiously retaliate!
You headbutt the yak. You shoot an arrow. The arrow hits the yak.
The yak is moderately wounded.
The blink frog blinks!
The yak gores you but does no damage. The yak gores you! The yak misses you.
You shoot an arrow. The arrow hits the yak!
The yak is severely wounded.
The yak misses you. You furiously retaliate!
You headbutt the yak. The yak misses you. You furiously retaliate!
You headbutt the yak. The yak completely misses you.
The yak gores you but does no damage. The yak closely misses you.
The yak completely misses you. You furiously retaliate!
You headbutt the yak. You shoot an arrow. The arrow closely misses the yak.
The blink frog blinks!
The yak gores you but does no damage. The yak completely misses you.
You furiously retaliate!
You headbutt the yak. The yak closely misses you.
You shoot an arrow.
The arrow hits the yak but does no damage.
The yak is severely wounded.
The yak completely misses you. The yak misses you.
The yak gores you but does no damage.
The blink frog blinks! x2
You shoot an arrow.
The arrow hits the yak but does no damage.
The yak is severely wounded.
The yak gores you. The yak gores you! The yak gores you.
10448 ||| READING scroll of teleportation.
As you read the scroll of teleportation, it crumbles to dust.
You feel strangely unstable. The yak gores you. The yak closely misses you.
The yak gores you but does no damage.
You shoot an arrow. The arrow barely misses the yak.
The blink frog blinks!
The yak completely misses you. The yak gores you! The yak misses you.
The blink frog blinks!
You shoot an arrow. The arrow hits the yak!
You kill the yak!
Okawaru accepts your kill. The yak completely misses you. The yak gores you!
You die...

###
#.............#
##.#.##.##.####
###.#######
#.....# #####.###
#.#.#'P.##
#........# .
#.......Y###YY..
#........@YYY#
##.>.....%##YS¤..
#........# F..
#........# .
#........#
#..........
##........##
########## #


You could see 7 yaks, a blink frog and a water moccasin.

Vanquished Creatures
  2 two-headed ogres (D:9)
  An ugly thing (D:8)
  A cyclops (D:7)
  An elephant (D:9)
  A kobold demonologist (D:10)
  A rime drake (Lair:1)
  Grinder (D:6)
  A hornet (D:10)
  10 yaks
  2 wyverns
  2 steam dragons
  2 acid dragons (D:10)
  A water moccasin (D:9)
  6 orc warriors
  A sky beast (D:7)
  2 black bears (D:9)
  An ogre (D:5)
  2 centaurs (D:8)
  3 kobold brigands
  3 bullfrogs
  A gnoll sergeant (D:7)
  2 scorpions
  3 wights (D:7)
  9 killer bees
  A gnoll bouda (D:8)
  3 quasits (D:7)
  2 orc priests
  7 hounds
  3 sleepcaps
  2 iguanas
  7 orc wizards
  18 gnolls
  13 adders
  3 shadow imps (D:7)
  3 white imps
  5 ufetubi (D:7)
  5 worms
  5 dart slugs
  42 orcs
  3 ball pythons
  4 endoplasms
  4 giant cockroaches
  18 goblins
  4 hobgoblins
  10 jackals
  17 kobolds
  4 quokkas
  4 bats
  4 frilled lizards
  11 rats
261 creatures vanquished.

Notes
Turn   | Place    | Note
-------+----------+-------------------------------------------
     0 | D:1      | qw the Minotaur Hexslinger began the quest for the Orb.
     0 | D:1      | Reached XP level 1. HP: 16/16 MP: 1/1
     0 | D:1      | 0 ||| qw: Version: 0.3-a-46-gb1f654a
     0 | D:1      | 0 ||| qw: Game counter: 1465
     0 | D:1      | 0 ||| qw: Melee chars always use a shield: true
     0 | D:1      | 0 ||| qw: God list: Okawaru
     0 | D:1      | 0 ||| qw: Allow faded altars: false
     0 | D:1      | 0 ||| qw: Do Orc after clearing Dungeon:15 true
     0 | D:1      | 0 ||| qw: Do second Lair branch before Depths: true
     0 | D:1      | 0 ||| qw: Lair rune preference: random
     0 | D:1      | 0 ||| qw: Goals: Normal
     0 | D:1      | 0 ||| PLANNING D:1-11
   210 | D:1      | Reached skill level 3 in Ranged Weapons
   231 | D:1      | Reached XP level 2. HP: 22/23 MP: 2/2
   575 | D:1      | Found a faded altar of an unknown god.
  1093 | D:1      | 1093 ||| UPGRADING to +5 ring of evasion.
  1094 | D:1      | 1094 ||| READING scroll labelled ZANWIE EMIUJEN.
  1095 | D:1      | 1095 ||| READING scroll labelled FONEEHOSS ILIW.
  1098 | D:1      | 1098 ||| READING 3 scrolls labelled ENEUSU APNEAXACH.
  1099 | D:1      | 1099 ||| READING scroll labelled UVOPSOFAME.
  1100 | D:1      | 1100 ||| READING 2 scrolls of identify.
  1100 | D:1      | 1100 ||| IDENTIFYING smoky ruby potion
  1101 | D:1      | 1101 ||| DROPPING scroll of poison.
  1343 | D:2      | Reached XP level 3. HP: 29/29 MP: 3/3
  1375 | D:2      | Reached skill level 4 in Ranged Weapons
  1447 | D:2      | Identified the ring "Plog" {Will- rCorr Int+2 Dex+9 Slay-5}
  1612 | D:2      | Reached XP level 4. HP: 36/36 MP: 4/4
  1766 | D:2      | 1766 ||| UPGRADING to +0 leather armour.
  1776 | D:2      | 1776 ||| DROPPING +0 robe.
  1777 | D:2      | 1777 ||| UPGRADING to +2 robe of willpower.
  1787 | D:2      | 1787 ||| DROPPING +0 leather armour.
  1788 | D:2      | 1788 ||| UPGRADING to ring of willpower.
  1789 | D:2      | 1789 ||| UPGRADING to ring "Plog" {Will- rCorr Int+2 Dex+9
                  | Slay-5}.
  1791 | D:2      | 1791 ||| DROPPING ring of willpower.
  1792 | D:2      | 1792 ||| READING scroll labelled TIFIMAEMEU.
  1915 | D:3      | Found a hide-covered altar of Uskayaw.
  1972 | D:3      | Reached skill level 5 in Ranged Weapons
  1974 | D:3      | HP: 9/36 [orc wizard/+0 dagger (2)]
  1981 | D:3      | HP: 5/36 [orc/+0 dagger (3)]
  1985 | D:3      | HP: 2/36 [orc/+0 dagger (1)]
  1988 | D:3      | 1988 ||| READING scroll of teleportation.
  1991 | D:3      | Reached XP level 5. HP: 3/42 MP: 5/5
  2077 | D:3      | Reached skill level 3 in Fighting
  2144 | D:3      | Found a runed translucent door.
  2144 | D:3      | Noticed qw's ghost (amateur GrHs)
  2214 | D:3      | Identified the +3 cloak of Sif Muna's Inspiration {*Corrode
                  | Fly Will++ SInv}
  2256 | D:3      | Reached skill level 3 in Dodging
  2654 | D:3      | 2654 ||| UPGRADING to +3 cloak of Sif Muna's Inspiration
                  | {*Corrode Fly Will++ SInv}.
  2659 | D:3      | 2659 ||| READING scroll labelled XEAFYOKLUL.
  2660 | D:3      | 2660 ||| READING scroll labelled IMNUSH BUGI.
  2661 | D:3      | 2661 ||| READING scroll labelled COEMIA SOEPS.
  2662 | D:3      | 2662 ||| READING 2 scrolls labelled LUL VUPRYU.
  2663 | D:3      | 2663 ||| READING scroll of enchant weapon.
  2663 | D:3      | 2663 ||| ENCHANTING +2 sling.
  2664 | D:3      | 2664 ||| DRINKING 2 pink potions.
  2665 | D:3      | 2665 ||| READING 2 scrolls of identify.
  2665 | D:3      | 2665 ||| IDENTIFYING lumpy green potion
  2666 | D:3      | 2666 ||| DROPPING potion of berserk rage.
  2692 | D:4      | 2692 ||| PLANNING SEWER
  2777 | D:4      | Found a runed translucent door.
  2778 | D:4      | Noticed qw's ghost (amateur MiHs)
  2904 | D:4      | Reached skill level 6 in Ranged Weapons
  2904 | D:4      | Reached XP level 6. HP: 51/51 MP: 6/6
  3310 | D:4      | Found a glowing drain.
  3311 | D:4      | 3311 ||| READING 3 scrolls of identify.
  3311 | D:4      | 3311 ||| IDENTIFYING silvery potion
  3312 | D:4      | 3312 ||| READING 2 scrolls of identify.
  3312 | D:4      | 3312 ||| IDENTIFYING murky silvery potion
  3313 | D:4      | 3313 ||| DROPPING potion of ambrosia.
  3314 | D:4      | 3314 ||| DROPPING potion of degeneration.
  3318 | Sewer    | Entered a sewer
  3659 | Sewer    | 3659 ||| FLEEEEING.
  3660 | Sewer    | 3660 ||| FLEEEEING.
  3706 | Sewer    | Reached skill level 7 in Ranged Weapons
  3706 | Sewer    | Reached XP level 7. HP: 32/59 MP: 7/7
  3926 | Sewer    | 3926 ||| READING scroll labelled QOKUYDOLOE.
  3927 | Sewer    | 3927 ||| DRINKING 2 fuming cyan potions.
  3959 | Sewer    | 3959 ||| DRINKING 2 brown potions.
  3960 | Sewer    | 3960 ||| READING 2 scrolls of identify.
  3960 | Sewer    | 3960 ||| IDENTIFYING bubbling blue potion
  3961 | Sewer    | 3961 ||| DROPPING potion of lignification.
  3962 | Sewer    | 3962 ||| DROPPING potion of invisibility.
  3974 | D:4      | 3974 ||| PLANNING D:1-11
  4124 | D:5      | Entered Level 5 of the Dungeon
  4160 | D:5      | 4160 ||| Stepping ~*~*~tactically~*~*~ (outnumbered).
  4162 | D:5      | 4162 ||| Stepping ~*~*~tactically~*~*~ (outnumbered).
  4442 | D:5      | Reached skill level 8 in Ranged Weapons
  4880 | D:5      | 4880 ||| UPGRADING to +2 pair of gloves.
  4885 | D:5      | 4885 ||| DRINKING 2 fuming sapphire potions.
  4886 | D:5      | 4886 ||| READING 4 scrolls of identify.
  4886 | D:5      | 4886 ||| IDENTIFYING sedimented black potion
  4887 | D:5      | 4887 ||| READING 3 scrolls of identify.
  4887 | D:5      | 4887 ||| IDENTIFYING viscous orange potion
  4888 | D:5      | 4888 ||| READING 2 scrolls of identify.
  4888 | D:5      | 4888 ||| IDENTIFYING cyan potion
  4889 | D:5      | 4889 ||| DROPPING potion of brilliance.
  4906 | D:6      | Reached skill level 1 in Armour
  4978 | D:6      | Noticed Grinder
  5013 | D:6      | Killed Grinder
  5014 | D:6      | Reached skill level 6 in Fighting
  5014 | D:6      | Reached XP level 8. HP: 52/70 MP: 8/8
  5074 | D:6      | Found a radiant altar of Vehumet.
  5300 | D:6      | HP: 14/70 [steam dragon/ball of steam (10)]
  5301 | D:6      | 5301 ||| READING 3 scrolls of teleportation.
  5302 | D:6      | 5302 ||| DRINKING 2 potions of heal wounds.
  5346 | D:6      | 5346 ||| Stepping ~*~*~tactically~*~*~ (cloud).
  5347 | D:6      | 5347 ||| Stepping ~*~*~tactically~*~*~ (cloud).
  5348 | D:6      | HP: 12/70 [steam dragon/ball of steam (19)]
  5349 | D:6      | 5349 ||| Stepping ~*~*~tactically~*~*~ (cloud).
  5350 | D:6      | 5350 ||| READING 2 scrolls of teleportation.
  5351 | D:6      | 5351 ||| DRINKING potion of heal wounds.
  5455 | D:6      | Reached skill level 9 in Ranged Weapons
  5538 | D:6      | Noticed Edmund
  5662 | D:6      | 5662 ||| DROPPING +0 leather armour of willpower.
  5663 | D:6      | 5663 ||| READING 4 scrolls labelled EMPARAU JY FEU.
  5664 | D:6      | 5664 ||| READING scroll labelled ROTEAPL DAZXA.
  5765 | D:6      | 5765 ||| DROPPING 3 scrolls of immolation.
  5862 | D:7      | HP: 11/67 [wight/+5 great sword of freezing (6)]
  5863 | D:7      | 5863 ||| READING 2 scrolls of teleportation.
  5868 | D:7      | Found a staircase to the Ecumenical Temple.
  5869 | D:7      | 5869 ||| PLANNING TEMPLE
  5869 | D:7      | 5869 ||| READING scroll of teleportation.
  6044 | D:7      | 6044 ||| READING scroll labelled DUSU DAIRGH.
  6045 | D:7      | 6045 ||| Stepping randomly (stuck).
  6046 | D:7      | 6046 ||| Stepping randomly (stuck).
  6047 | D:7      | 6047 ||| Stepping randomly (stuck).
  6048 | D:7      | 6048 ||| Stepping randomly (stuck).
  6049 | D:7      | 6049 ||| Stepping randomly (stuck).
  6050 | D:7      | 6050 ||| Stepping randomly (stuck).
  6051 | D:7      | 6051 ||| Stepping randomly (stuck).
  6052 | D:7      | 6052 ||| Stepping randomly (stuck).
  6053 | D:7      | 6053 ||| Stepping randomly (stuck).
  6054 | D:7      | 6054 ||| Stepping randomly (stuck).
  6055 | D:7      | 6055 ||| Stepping randomly (stuck).
  6056 | D:7      | 6056 ||| Stepping randomly (stuck).
  6057 | D:7      | 6057 ||| Stepping randomly (stuck).
  6058 | D:7      | 6058 ||| Stepping randomly (stuck).
  6059 | D:7      | 6059 ||| Stepping randomly (stuck).
  6060 | D:7      | 6060 ||| Stepping randomly (stuck).
  6061 | D:7      | 6061 ||| Stepping randomly (stuck).
  6062 | D:7      | 6062 ||| Stepping randomly (stuck).
  6063 | D:7      | 6063 ||| Stepping randomly (stuck).
  6064 | D:7      | 6064 ||| Stepping randomly (stuck).
  6067 | D:7      | 6067 ||| Stepping randomly (stuck).
  6073 | D:7      | 6073 ||| Stepping randomly (stuck).
  6074 | D:7      | 6074 ||| Stepping randomly (stuck).
  6075 | D:7      | 6075 ||| Stepping randomly (stuck).
  6076 | D:7      | 6076 ||| Stepping randomly (stuck).
  6077 | D:7      | 6077 ||| Stepping randomly (stuck).
  6078 | D:7      | 6078 ||| Stepping randomly (stuck).
  6079 | D:7      | 6079 ||| Stepping randomly (stuck).
  6080 | D:7      | 6080 ||| Stepping randomly (stuck).
  6081 | D:7      | 6081 ||| Stepping randomly (stuck).
  6082 | D:7      | 6082 ||| Stepping randomly (stuck).
  6083 | D:7      | 6083 ||| Stepping randomly (stuck).
  6084 | D:7      | 6084 ||| Stepping randomly (stuck).
  6085 | D:7      | 6085 ||| Stepping randomly (stuck).
  6124 | D:7      | 6124 ||| READING scroll of enchant weapon.
  6124 | D:7      | 6124 ||| ENCHANTING +3 sling of draining.
  6140 | D:7      | 6140 ||| Stepping ~*~*~tactically~*~*~ (outnumbered).
  6445 | D:7      | Reached skill level 10 in Ranged Weapons
  6456 | D:7      | 6456 ||| Stepping ~*~*~tactically~*~*~ (outnumbered).
  6461 | D:7      | Reached XP level 9. HP: 39/79 MP: 9/9
  6461 | D:7      | 6461 ||| FLEEEEING.
  6653 | D:7      | Noticed a cyclops
  6667 | D:7      | Killed a cyclops
  6668 | D:7      | Reached skill level 6 in Dodging
  6738 | D:7      | 6738 ||| SWAPPING to +0 longbow.
  6754 | D:7      | 6754 ||| DROPPING +4 sling of draining.
  6980 | Temple   | Entered the Ecumenical Temple
  7171 | Temple   | 7171 ||| PLANNING D:1-11
  7331 | D:7      | Found a shimmering blue altar of Sif Muna.
  7332 | D:7      | 7332 ||| READING scroll labelled GISHECSUKU.
  7425 | D:8      | 7425 ||| FLEEEEING.
  7463 | D:8      | Found a flagged portal.
  7632 | D:8      | 7632 ||| Stepping ~*~*~tactically~*~*~ (outnumbered).
  7633 | D:8      | 7633 ||| Stepping ~*~*~tactically~*~*~ (outnumbered).
  7638 | D:8      | Reached skill level 11 in Ranged Weapons
  8068 | D:8      | Noticed a brown ugly thing
  8082 | D:8      | Killed a brown ugly thing
  8247 | D:8      | 8247 ||| READING 3 scrolls of identify.
  8247 | D:8      | 8247 ||| IDENTIFYING clear potion
  8248 | D:8      | 8248 ||| DROPPING potion of attraction.
  8271 | D:9      | 8271 ||| STAIRDANCE
  8312 | D:9      | Reached skill level 12 in Ranged Weapons
  8327 | D:9      | 8327 ||| Stepping ~*~*~tactically~*~*~ (outnumbered).
  8499 | D:9      | Reached XP level 10. HP: 87/88 MP: 10/10
  8501 | D:9      | Noticed an elephant
  8537 | D:9      | Killed an elephant
  8685 | D:9      | Found a staircase to the Lair.
  8711 | D:9      | Noticed a two-headed ogre
  8715 | D:9      | Killed a two-headed ogre
  8819 | D:9      | 8819 ||| Stepping ~*~*~tactically~*~*~ (cloud).
  8855 | D:9      | Noticed a two-headed ogre
  8856 | D:9      | 8856 ||| FLEEEEING.
  8857 | D:9      | 8857 ||| FLEEEEING.
  8881 | D:9      | Killed a two-headed ogre
  8882 | D:9      | Reached skill level 13 in Ranged Weapons
  9000 | D:9      | 9000 ||| Stepping ~*~*~tactically~*~*~ (outnumbered).
  9205 | D:9      | 9205 ||| UPGRADING to +0 leather armour of poison
                  | resistance.
  9215 | D:9      | 9215 ||| DROPPING +6 ring of intelligence.
  9239 | D:10     | Entered Level 10 of the Dungeon
  9467 | D:10     | Reached skill level 9 in Fighting
  9473 | D:10     | Reached skill level 3 in Armour
  9556 | D:10     | Noticed a soul eater
  9560 | D:10     | Reached skill level 14 in Ranged Weapons
  9827 | D:10     | Reached XP level 11. HP: 97/97 MP: 11/11
  9904 | D:10     | 9904 ||| FLEEEEING.
  9946 | D:10     | Found a broken altar of Ashenzari.
  9947 | D:10     | Found an ornate altar of the Wu Jian Council.
  9947 | D:10     | Found an iron altar of Okawaru.
  9948 | D:10     | 9948 ||| PLANNING OKAWARU WORSHIP
  9948 | D:10     | 9948 ||| DROPPING +0 steam dragon scales.
  9949 | D:10     | 9949 ||| UPGRADING to +2 ring mail of fire resistance.
  9959 | D:10     | 9959 ||| DROPPING +6 ring of strength.
  9960 | D:10     | 9960 ||| READING scroll labelled HARACO WEPH.
  9966 | D:10     | Became a worshipper of Warmaster Okawaru
  9967 | D:10     | 9967 ||| PLANNING D:1-11
 10221 | D:10     | 10221 ||| PLANNING LAIR
 10258 | Lair:1   | Entered Level 1 of the Lair of Beasts
 10447 | Lair:1   | HP: 23/99 [yak (5)]
 10448 | Lair:1   | 10448 ||| READING scroll of teleportation.
 10449 | Lair:1   | HP: 9/99 [yak (13)]
 10450 | Lair:1   | Slain by a yak

Levels and vault maps discovered:
D:1:      dpeg_arrival_subterranean_lakeside_camping, layout_basic,
          shapermc_ecumenical_altar_mp_vishouse, minmay_pentomino_v2
D:2:      cheibrodos_greedy_goblins, layout_basic
D:3:      layout_rooms, nicolae_uskayaw_murder_on_the_dancefloor,
          hellmonk_ghost_happy_afterlife
D:4:      layout_rooms, gup_sewer_entry_spiral, gammafunk_ghost_grave,
          roderic_serpentine_path
D:5:      layout_loops_ring
D:6:      layout_rooms, pf_just_have_faith, uniq_edmund, uniq_grinder
D:7:      minmay_slanted_spiral_squares, layout_loops_ring,
          lemuel_blue_sif_altar, minmay_temple_entry_mist, serial_demonic,
          serial_demonic_d, serial_demonic_g, serial_demonic_g,
          serial_demonic_a, serial_demonic_e
D:8:      layout_basic, enter_bailey_5
D:9:      layout_basic, david_lair_generic, nicolae_straight_to_the_point
D:10:     layout_roguey [special_room_orc],
          chequers_temple_overflow_statue_of_worship
Temple:   eino_temple_scatter_basement
Lair:1:   layout_roguey [special_room_bee]

Skill      XL: |  1  2  3  4  5  6  7  8  9 10 11 |
---------------+----------------------------------+-----
Ranged Weapons | 3 4 5 6 7 8 10 12 14 | 14.0
Fighting       | 2 3 4 6 7 8 9 |  9.9
Dodging        | 3 4 5 7 8 |  8.7
Armour         | 1 2 3 4 |  4.0
Spellcasting   | |  1.0
Hexes          | |  2.0

Action                     |  1- 3 |  4- 6 |  7- 9 | 10-12 || total
---------------------------+-------+-------+-------+-------++-------
   Fire: Sling             |   114 |   324 |   389 |       ||   827
         Longbow           |       |       |   133 |   242 ||   375
    Use: Scroll            |     5 |    10 |    15 |     2 ||    32
         Potion            |       |     1 |     5 |       ||     6
 Armour: Robe              |    14 |    29 |    68 |    34 ||   145
         Leather armour    |       |       |       |    24 ||    24
         Ring mail         |       |       |       |    11 ||    11
  Dodge: Dodged            |    56 |   163 |   373 |   415 ||  1007

Table legend:
 A = Non-vault XP
 B = Vault XP
 C = Vault XP percentage of total XP
 D = Non-vault monster count
 E = Vault monster count
 F = Vault count percentage of total count
                 A         B        C        D         E       F
            +---------+---------+-------+---------+---------+-------
      Total |    9574 |    3119 |  24.6 |     169 |      92 |  35.2
            +---------+---------+-------+---------+---------+-------
        D:1 |      21 |      13 |  38.2 |      11 |       8 |  42.1
        D:2 |      51 |      15 |  22.7 |      15 |       8 |  34.8
        D:3 |     194 |       0 |   0.0 |      25 |       0 |   0.0
        D:4 |     199 |      12 |   5.7 |      16 |       6 |  27.3
        D:5 |     364 |       0 |   0.0 |      17 |       0 |   0.0
        D:6 |     477 |     272 |  36.3 |       8 |       1 |  11.1
        D:7 |     672 |    1094 |  61.9 |      14 |      16 |  53.3
        D:8 |     998 |       8 |   0.8 |      14 |       4 |  22.2
        D:9 |    2815 |     942 |  25.1 |      22 |       4 |  15.4
       D:10 |    2502 |     513 |  17.0 |      21 |      27 |  56.2
     Lair:1 |    1281 |       0 |   0.0 |       6 |       0 |   0.0
      Sewer |       0 |     250 | 100.0 |       0 |      18 | 100.0
            +---------+---------+-------+---------+---------+-------
